 Dungeon Crawl Stone Soup version 0.18-b1-2-gd0c887e (webtiles) character file.

55 Laan the Conjurer (level 3, 0/28 HPs)
             Began as a Naga Wizard on Apr 28, 2016.
             Slain by a shadow imp (2 damage)
             ... summoned by Natasha
             ... on level 2 of the Dungeon.
             The game lasted 00:03:01 (1322 turns).

Laan the Conjurer (Naga Wizard)                     Turns: 1322, Time: 00:03:01

Health: 0/28       AC:  8    Str:  9    XL:     3   Next: 93%
Magic:  1/7        EV:  9    Int: 19    God:
Gold:   33         SH:  0    Dex:  9    Spells: 1 memorised, 7 levels left

rFire  . . .     SeeInvis +     j - +0 dagger (protect)
rCold  . . .     Gourm    .     a - +0 robe
rNeg   . . .     Faith    .     (no shield)
rPois  +         Spirit   .     b - +0 hat
rElec  .         Dismiss  .     f - +0 cloak
rCorr  .         Reflect  .     (no gloves)
SustAt .         Harm     .     (no barding)
MR     .....                    (no amulet)
Stlth  ++........               (no ring)
                                (no ring)

@: slowed, very slow, not resistant to hostile enchantments, unstealthy
A: see invisible, deformed body, poison resistance, slowness 2, slow metabolism
1, spit poison 2, AC +1
a: Spit Poison


You were on level 2 of the Dungeon.
You were not hungry.

You visited 1 branch of the dungeon, and saw 2 of its levels.

You collected 33 gold pieces.

Inventory:

Hand Weapons
 j - a +0 dagger of protection (weapon)
 k - a +0 dagger of pain
Armour
 a - a +0 robe (worn)
 b - a +0 hat (worn)
 f - a +0 cloak (worn)
Scrolls
 g - a scroll of amnesia {unknown}
 m - a scroll of fog {unknown}
Potions
 h - a potion of heal wounds {unknown}
 i - a potion of magic {unknown}
 l - a potion of cure mutation {unknown}
Books
 c - a book of Minor Magic

   Spells                             Type                      Level
   a - Magic Dart                     Conjuration                  1
   b - Blink                          Translocation                2
   c - Call Imp                       Summoning                    2
   d - Repel Missiles                 Charms/Air                   2
   e - Slow                           Hexes                        2
   f - Conjure Flame                  Conjuration/Fire             3
   g - Mephitic Cloud                 Conjuration/Poison/Air       3
Comestibles
 d - 2 bread rations


   Skills:
 - Level 1.5 Dodging
 - Level 3.0 Stealth
 - Level 3.0 Spellcasting
 + Level 3.6 Conjurations
   Level 1.0 Summonings
   Level 1.0 Translocations


You had 7 spell levels left.
You knew the following spells:

 Your Spells              Type           Power        Failure   Level  Hunger
a - Magic Dart            Conj           ###.         4%          1    None


Dungeon Overview and Level Annotations

Branches:
Dungeon (2/15)

Altars:
Yredelemnul

Annotations:
D:2 Natasha


Innate Abilities, Weirdness & Mutations

You cannot wear boots.
Your serpentine skin is tough (AC +1).
You have supernaturally acute eyesight.
Armour fits poorly on your strangely shaped body.
Your system is resistant to poisons.
You cover ground very slowly.
You have a slow metabolism.
You can spit poison.


Message History

The crimson imp hits you but does no damage.
Natasha claws you but does no damage.
The shadow imp hits you but does no damage.
Drink which item? (? for menu, Esc to quit)
You feel better. Natasha claws you!
* * * LOW HITPOINT WARNING * * *
The crimson imp barely misses you.
The shadow imp hits you but does no damage.
You hit Natasha.
Natasha is severely wounded.
Natasha extends her claws.
Natasha stares at you and mumbles some strange words.
The magic dart hits you!
* * * LOW HITPOINT WARNING * * *
The crimson imp closely misses you.
The shadow imp hits you but does no damage.
The crimson imp hits you.
* * * LOW HITPOINT WARNING * * *
Natasha barely misses you. The shadow imp hits you.
You die...

.#.# .#... ....# ..#.# .
####### ###...###..
#^._..# ....#....#..
##.^.######.....##...#
#^.^..##..#...# .....
##.^^###....@.###... ##
##'####...55h.........
#.###....#.#...##..##
#..........#.........
###.....#.........#
####............#####
#####...............####
#...#.#..................
#...(...........(...#....


You could see Natasha, a crimson imp and a shadow imp.

Vanquished Creatures
  Natasha (D:2)
  An ooze (D:1)
  2 hobgoblins (D:1)
  2 jackals (D:1)
  4 kobolds
  2 ball pythons (D:1)
  3 bats
  2 giant newts (D:1)
  4 goblins (D:1)
  5 rats
  A spectral orc (D:2)
27 creatures vanquished.

Notes
Turn   | Place    | Note
--------------------------------------------------------------
     0 | D:1      | Laan the Naga Wizard began the quest for the Orb.
     0 | D:1      | Reached XP level 1. HP: 15/15 MP: 4/4
   361 | D:1      | Reached XP level 2. HP: 22/22 MP: 0/6
   873 | D:1      | Reached XP level 3. HP: 28/28 MP: 3/7
  1144 | D:2      | Noticed Natasha
  1233 | D:2      | Found a basalt altar of Yredelemnul.
  1303 | D:2      | Killed Natasha
  1309 | D:2      | Noticed Natasha
  1322 | D:2      | Slain by a shadow imp

Skill      XL: |  1  2  3 |
---------------+----------+-----
Conjurations   | 2 3 |  3.6
Dodging        | |  1.5
Stealth        | |  3.0
Spellcasting   | |  3.0
Summonings     | |  1.0
Translocations | |  1.0

Action                   || total
-------------------------++-------
Melee: Unarmed           ||    10
       Dagger            ||    16
 Cast: Magic Dart        ||    66
  Use: Potion            ||     1
Armor: Robe              ||    16
Dodge: Dodged            ||    23
